 Dungeon Crawl Stone Soup version 0.29.1-12-g30fa7ad0bf (webtiles) character file.

Game seed: 5218789743567250231

35 nachturnus the Sneak (level 3, -2/29 HPs)
             Began as a Human Delver on Dec 31, 2022.
             Slain by a water moccasin zombie (6 damage)
             ... in an ossuary.
             The game lasted 00:04:58 (745 turns).

nachturnus the Sneak (Human Delver)                  Turns: 745, Time: 00:04:59

Health: -2/29      AC:  3    Str: 13 (14) XL:     3   Next: 55%
Magic:  3/3        EV: 11    Int:  7 (10) God:
Gold:   30         SH:  0    Dex: 13 (14) Spells: 2/2 levels left

rFire   . . .      SeeInvis .   i - +0 war axe
rCold   . . .      Faith    .   (no shield)
rNeg    . . .      Spirit   .   b - +0 leather armour
rPois   .          Reflect  .   (no helmet)
rElec   .          Harm     .   (no cloak)
rCorr   .          Rampage  .   (no gloves)
Will    .....                   (no boots)
Stlth   +++.......              (no amulet)
HPRegen 0.09/turn               (no ring)
MPRegen 0.08/turn               (no ring)

@: hasted, very quick
A: no striking features
a: no special abilities


You were in an ossuary.
You visited 1 branch of the dungeon, and saw 2 of its levels.
You also visited: Ossuary.

You collected 30 gold pieces.

Inventory:

Hand Weapons
 a - a +0 hand axe
 i - a +0 war axe (weapon)
Armour
 b - a +0 leather armour (worn)
Wands
 g - a wand of digging (3)
Scrolls
 c - a scroll of fog
 d - a scroll of magic mapping
 e - a scroll of fear
 j - a scroll of identify {unknown}


   Skills:
 - Level 3.0 Fighting
 + Level 3.7 Axes
 - Level 2.0 Dodging
 - Level 5.0 Stealth


You had 2 spell levels left.
You didn't know any spells.
Your spell library was empty.

Dungeon Overview and Level Annotations

Branches:
Dungeon (5/15)            Ossuary (1/1)
 Temple: D:4-7

Altars:


Message History

There is an open door here.
You closely miss the water moccasin zombie.
The water moccasin zombie completely misses you.
The water moccasin zombie bites you.
You barely miss the water moccasin zombie.
The water moccasin zombie closely misses you.
You closely miss the water moccasin zombie.
The water moccasin zombie bites you. The water moccasin zombie bites you!
You closely miss the water moccasin zombie.
The water moccasin zombie closely misses you.
You barely miss the water moccasin zombie.
You punch the water moccasin zombie.
The water moccasin zombie is lightly damaged.
The water moccasin zombie bites you but does no damage.
The water moccasin zombie bites you.
You closely miss the water moccasin zombie.
The water moccasin zombie is lightly damaged.
The water moccasin zombie closely misses you.
You closely miss the water moccasin zombie.
The water moccasin zombie is lightly damaged.
The water moccasin zombie bites you. x2
* * * LOW HITPOINT WARNING * * *
You hit the water moccasin zombie.
The water moccasin zombie is lightly damaged.
The water moccasin zombie closely misses you.
The water moccasin zombie misses you.
You hit the water moccasin zombie.
The water moccasin zombie is lightly damaged.
The water moccasin zombie bites you but does no damage.
You hit the water moccasin zombie.
The water moccasin zombie is lightly damaged.
The water moccasin zombie bites you.
* * * LOW HITPOINT WARNING * * *
The water moccasin zombie bites you but does no damage.
It was a potion of degeneration.
There was something very wrong with that liquid.
You feel weakened.
You feel dopey.
You feel clumsy.
The water moccasin zombie bites you but does no damage.
You feel yourself speed up. The water moccasin zombie bites you.
You die...

#'### #...# #...#
#...# #...#
##'############### ##
#...#...#....#...# Z.#
#...#...Z....'...#.Z.#
#...'..@#....#...'Z.∩#
######################


You could see a water moccasin zombie.

Vanquished Creatures
  6 adder zombies (Ossuary)
  An endoplasm (D:4)
  2 gnoll zombies (Ossuary)
  5 hobgoblin zombies (Ossuary)
  4 kobold zombies (Ossuary)
  2 orc zombies (Ossuary)
20 creatures vanquished.

Notes
Turn   | Place    | Note
-------+----------+-------------------------------------------
     0 | D:5      | nachturnus the Human Delver began the quest for the Orb.
     0 | D:5      | Reached XP level 1. HP: 18/18 MP: 1/1
   110 | D:5      | Noticed a killer bee
   393 | D:4      | Noticed an ogre
   409 | D:4      | Found a sand-covered staircase.
   418 | Ossuary  | Entered an ossuary
   435 | Ossuary  | Reached XP level 2. HP: 20/24 MP: 2/2
   565 | Ossuary  | Reached XP level 3. HP: 25/29 MP: 3/3
   745 | Ossuary  | Slain by a water moccasin zombie

Illustrated notes

Levels and vault maps discovered:
D:4:      layout_basic, grunt_temple_overflow_cloverleaf, enter_ossuary_1
D:5:      layout_basic, serial_shops, nicolae_diamond_shop, dk_rats_in_the_wall
Ossuary:  ossuary_tomb_2

Skill      XL: |  1  2 |
---------------+-------+-----
Axes           | 3 |  3.7
Fighting       | |  3.0
Dodging        | |  2.0
Stealth        | |  5.0

Action                   || total
-------------------------++-------
Melee: War axe           ||    81
       Punch             ||     2
  Use: Potion            ||     2
 Stab: Sleeping          ||     1
Armor: Leather armour    ||    24
Dodge: Dodged            ||    49
